TOP OF THE 1ST |
Amarillo Archdukes batting - Pitching for Birmingham Barons : LHP Marcos Bautista
|
Pitching: LHP Marcos Bautista
|
|
Batting: SHB Álex Hernández
|
0-0: Fly out, F3 (Popup, 3)
|
Batting: RHB Herb Bunch
|
0-0: Ball 1-0: Ground out 5-3 (Groundball, 5)
|
Batting: LHB Michael Cook
|
0-0: Called Strike 0-1: Swinging Strike 0-2: Strikes out swinging
|
Top of the 1st over - 0 run(s), 0 hit(s), 0 error(s), 0 left on base; Amarillo 0 - Birmingham 0 |
BOTTOM OF THE 1ST |
Birmingham Barons batting - Pitching for Amarillo Archdukes : RHP Sébastien Benoit
|
Pitching: RHP Sébastien Benoit
|
|
Batting: LHB Alberto Santos
|
0-0: Ball 1-0: Foul Ball, location: 2F 1-1: Ball 2-1: Ball 3-1: Base on Balls
|
Batting: SHB Orlando Aguilar
|
0-0: Ball 1-0: Called Strike 1-1: Ball 2-1: Fly out, F7 (Flyball, 7LM)
|
Batting: RHB Bryant von Bohlen
|
0-0: Ball 1-0: Called Strike 1-1: Ball 2-1: Foul Ball, location: 2F 2-2: Fly out, F9 (Flyball, 9LD)
|
Batting: RHB Yujiro Kurihara
|
0-0: Ball 1-0: Called Strike 1-1: Ball 2-1: Ball 3-1: Base on Balls Alberto Santos to second
|
Batting: LHB Bob Jones
|
0-0: Called Strike 0-1: Ground out 1-3 (Groundball, 15S)
|
Bottom of the 1st over - 0 run(s), 0 hit(s), 0 error(s), 2 left on base; Amarillo 0 - Birmingham 0 |
TOP OF THE 2ND |
Amarillo Archdukes batting - Pitching for Birmingham Barons : LHP Marcos Bautista
|
Batting: RHB Nobuharu Hoshino
|
0-0: Called Strike 0-1: Foul Ball, location: 2F 0-2: Foul Ball, location: 2F 0-2: Strikes out looking
|
Batting: LHB John Frost
|
0-0: Called Strike 0-1: Called Strike 0-2: Ball 1-2: Strikes out looking
|
Batting: LHB Edwin Ryan
|
0-0: Ball 1-0: Foul Ball, location: 2F 1-1: Ball 2-1: Fly out, F7 (Flyball, 7LD)
|
Top of the 2nd over - 0 run(s), 0 hit(s), 0 error(s), 0 left on base; Amarillo 0 - Birmingham 0 |
BOTTOM OF THE 2ND |
Birmingham Barons batting - Pitching for Amarillo Archdukes : RHP Sébastien Benoit
|
Batting: RHB Carlos Vásquez
|
0-0: Called Strike 0-1: Foul Ball, location: 2F 0-2: Strikes out swinging
|
Batting: RHB Warren Martin
|
0-0: Ball 1-0: Ball 2-0: Ball 3-0: Called Strike 3-1: Foul Ball, location: 2F 3-2: Base on Balls
|
Batting: LHB John Haney
|
0-0: Foul Ball, location: 2F 0-1: Called Strike 0-2: Ball 1-2: Ball 2-2: Foul Ball, location: 2F Balk! Warren Martin to second 2-2: Foul Ball, location: 2F 2-2: Ball 3-2: Foul Ball, location: 2F 3-2: Base on Balls
|
Batting: RHB Rusty Downy
|
0-0: Called Strike 0-1: Called Strike 0-2: Foul Ball, location: 2F 0-2: Ball 1-2: Ball 2-2: Strikes out looking
|
Batting: LHB Alberto Santos
|
0-0: Called Strike 0-1: Ball 1-1: Ball 2-1: Foul Ball, location: 2F 2-2: Strikes out swinging
|
Bottom of the 2nd over - 0 run(s), 0 hit(s), 0 error(s), 2 left on base; Amarillo 0 - Birmingham 0 |
TOP OF THE 3RD |
Amarillo Archdukes batting - Pitching for Birmingham Barons : LHP Marcos Bautista
|
Batting: RHB Norm Francis
|
0-0: Ball 1-0: Called Strike 1-1: DOUBLE (Line Drive, 78D)
|
Batting: RHB Esteban Lara
|
0-0: Ball 1-0: Foul Ball, location: 2F 1-1: Called Strike 1-2: Ball 2-2: Strikes out swinging
|
Batting: RHB Rich Henley
|
0-0: Called Strike 0-1: Ball 1-1: Fly out, F9 (Line Drive, 9)
|
Batting: SHB Álex Hernández
|
0-0: Ground out 5-3 (Groundball, 56S)
|
Top of the 3rd over - 0 run(s), 1 hit(s), 0 error(s), 1 left on base; Amarillo 0 - Birmingham 0 |
BOTTOM OF THE 3RD |
Birmingham Barons batting - Pitching for Amarillo Archdukes : RHP Sébastien Benoit
|
Batting: SHB Orlando Aguilar
|
0-0: Called Strike 0-1: Ball 1-1: Ball 2-1: Foul Ball, location: 2F 2-2: Ball 3-2: Strikes out looking
|
Batting: RHB Bryant von Bohlen
|
0-0: Ball 1-0: Ball 2-0: SINGLE (Line Drive, 7S)
|
Batting: RHB Yujiro Kurihara
|
0-0: Ball 1-0: Foul Ball, location: 2F 1-1: Ball 2-1: Foul Ball, location: 2F 2-2: Fly out, F5 (Line Drive, 5)
|
Batting: LHB Bob Jones
|
0-0: Called Strike 0-1: Foul Ball, location: 2F 0-2: Fielders Choice at 2nd, U6 (Groundball, 6M)
|
Bottom of the 3rd over - 0 run(s), 1 hit(s), 0 error(s), 1 left on base; Amarillo 0 - Birmingham 0 |
TOP OF THE 4TH |
Amarillo Archdukes batting - Pitching for Birmingham Barons : LHP Marcos Bautista
|
Batting: RHB Herb Bunch
|
0-0: Ball 1-0: Called Strike 1-1: SINGLE (Line Drive, 56)
|
Batting: LHB Michael Cook
|
0-0: Ball 1-0: Fly out, F9 (Flyball, 9LM)
|
Batting: RHB Nobuharu Hoshino
|
0-0: 2-RUN HOME RUN (Flyball, 7D), Distance : 343 ft
|
Batting: LHB John Frost
|
0-0: Ball 1-0: Ground out 4-3 (Groundball, 34)
|
Batting: LHB Edwin Ryan
|
0-0: Foul Ball, location: 2F 0-1: Ball 1-1: Swinging Strike 1-2: Foul Ball, location: 2F 1-2: Ball 2-2: Ground out 4-3 (Groundball, 4)
|
Top of the 4th over - 2 run(s), 2 hit(s), 0 error(s), 0 left on base; Amarillo 2 - Birmingham 0 |
BOTTOM OF THE 4TH |
Birmingham Barons batting - Pitching for Amarillo Archdukes : RHP Sébastien Benoit
|
Batting: RHB Carlos Vásquez
|
0-0: Fly out, F7 (Line Drive, 78M)
|
Batting: RHB Warren Martin
|
0-0: Ball 1-0: Ball 2-0: Called Strike 2-1: Swinging Strike 2-2: Ball 3-2: Foul Ball, location: 2F 3-2: Base on Balls
|
Batting: LHB John Haney
|
0-0: Ball 1-0: Ground out 6-3 (Groundball, 6MS) Warren Martin to second
|
Batting: RHB Rusty Downy
|
0-0: Ball 1-0: Foul Ball, location: 2F 1-1: Ball 2-1: Called Strike 2-2: Foul Ball, location: 2F 2-2: Foul Ball, location: 2F 2-2: Foul Ball, location: 2F 2-2: Foul Ball, location: 2F 2-2: Ball 3-2: Strikes out looking
|
Bottom of the 4th over - 0 run(s), 0 hit(s), 0 error(s), 1 left on base; Amarillo 2 - Birmingham 0 |
TOP OF THE 5TH |
Amarillo Archdukes batting - Pitching for Birmingham Barons : LHP Marcos Bautista
|
Batting: RHB Norm Francis
|
0-0: Called Strike 0-1: Ball 1-1: Fly out, F8 (Line Drive, 8RS)
|
Batting: RHB Esteban Lara
|
0-0: Called Strike 0-1: Fly out, F7 (Flyball, 7D)
|
Batting: RHB Rich Henley
|
0-0: Ball 1-0: Called Strike 1-1: Ball 2-1: Ball 3-1: Base on Balls
|
Batting: SHB Álex Hernández
|
0-0: Ball 1-0: Fly out, F8 (Flyball, 89M)
|
Top of the 5th over - 0 run(s), 0 hit(s), 0 error(s), 1 left on base; Amarillo 2 - Birmingham 0 |
BOTTOM OF THE 5TH |
Birmingham Barons batting - Pitching for Amarillo Archdukes : RHP Sébastien Benoit
|
Batting: LHB Alberto Santos
|
0-0: Ball 1-0: SINGLE (Groundball, 4MD)
|
Batting: SHB Orlando Aguilar
|
0-0: Called Strike 0-1: Called Strike 0-2: Fly out, F7 (Flyball, 7S)
|
Batting: RHB Bryant von Bohlen
|
0-0: Ball 1-0: Ball Alberto Santos is caught stealing 2nd base 2-0: Called Strike 2-1: Ground out 5-3 (Groundball, 56S)
|
Bottom of the 5th over - 0 run(s), 1 hit(s), 0 error(s), 0 left on base; Amarillo 2 - Birmingham 0 |
TOP OF THE 6TH |
Amarillo Archdukes batting - Pitching for Birmingham Barons : LHP Marcos Bautista
|
Batting: RHB Herb Bunch
|
0-0: Foul Ball, location: 2F 0-1: Swinging Strike 0-2: Foul Ball, location: 2F 0-2: Fly out, F8 (Flyball, 8RS)
|
Batting: LHB Michael Cook
|
0-0: Called Strike 0-1: SINGLE (Groundball, 6MD)
|
Batting: RHB Nobuharu Hoshino
|
0-0: Ball 1-0: SINGLE (Line Drive, 8LS) Michael Cook to second
|
Batting: LHB John Frost
|
0-0: Called Strike 0-1: Swinging Strike 0-2: Ball 1-2: Strikes out swinging
|
Batting: LHB Edwin Ryan
|
0-0: Called Strike 0-1: SINGLE (Groundball, 6MD) Michael Cook to third Nobuharu Hoshino to second Runner from 3rd tries for Home, SAFE, no throw
|
Batting: RHB Norm Francis
|
0-0: Ball 1-0: DOUBLE (Groundball, 5L) Nobuharu Hoshino scores Edwin Ryan to third
|
Batting: RHB Esteban Lara
|
0-0: Called Strike 0-1: Ball 1-1: Ground out 6-3 (Groundball, 6)
|
Top of the 6th over - 2 run(s), 4 hit(s), 0 error(s), 2 left on base; Amarillo 4 - Birmingham 0 |
BOTTOM OF THE 6TH |
Birmingham Barons batting - Pitching for Amarillo Archdukes : RHP Sébastien Benoit
|
Batting: RHB Yujiro Kurihara
|
0-0: Ball 1-0: Ball 2-0: Called Strike 2-1: Foul Ball, location: 2F 2-2: Ground out 2-3 (Groundball, 15S)
|
Pitching: RHP Frederick Kern
|
|
Batting: LHB Bob Jones
|
0-0: Ball 1-0: Ball 2-0: Foul Ball, location: 2F 2-1: Ball 3-1: Base on Balls
|
Batting: RHB Carlos Vásquez
|
0-0: Foul Ball, location: 2F 0-1: Foul Ball, location: 2F 0-2: Foul Ball, location: 2F 0-2: Grounds into double play, 6-4-3 (Groundball, 6)
|
Bottom of the 6th over - 0 run(s), 0 hit(s), 0 error(s), 0 left on base; Amarillo 4 - Birmingham 0 |
TOP OF THE 7TH |
Amarillo Archdukes batting - Pitching for Birmingham Barons : LHP Marcos Bautista
|
Batting: RHB Rich Henley
|
0-0: Swinging Strike 0-1: Swinging Strike 0-2: Ball 1-2: Ground out 6-3 (Groundball, 56)
|
Batting: SHB Álex Hernández
|
0-0: Ground out 4-3 (Groundball, 4M)
|
Batting: RHB Herb Bunch
|
0-0: Ball 1-0: Ball 2-0: Called Strike 2-1: SINGLE (Groundball, 34D)
|
Batting: LHB Michael Cook
|
0-0: Ball 1-0: Called Strike 1-1: Ball 2-1: Ball 3-1: Foul Ball, location: 2F 3-2: Base on Balls Herb Bunch to second
|
Pitching: RHP Michel Dallaire
|
|
Batting: RHB Nobuharu Hoshino
|
0-0: Called Strike 0-1: Ball 1-1: Fly out, F7 (Flyball, 7LMF)
|
Top of the 7th over - 0 run(s), 1 hit(s), 0 error(s), 2 left on base; Amarillo 4 - Birmingham 0 |
BOTTOM OF THE 7TH |
Birmingham Barons batting - Pitching for Amarillo Archdukes : RHP Frederick Kern
|
Batting: RHB Warren Martin
|
0-0: Called Strike 0-1: Swinging Strike 0-2: Ball 1-2: Ball 2-2: Ball 3-2: Strikes out looking
|
Batting: LHB John Haney
|
0-0: Ball 1-0: Ball 2-0: Called Strike 2-1: Swinging Strike 2-2: Strikes out swinging
|
Batting: RHB Rusty Downy
|
0-0: Ball 1-0: SINGLE (Groundball, 34D)
|
Batting: LHB Alberto Santos
|
0-0: Called Strike 0-1: Called Strike Rusty Downy steals 2nd base 0-2: Ground out 4-3 (Groundball, 4S)
|
Bottom of the 7th over - 0 run(s), 1 hit(s), 0 error(s), 1 left on base; Amarillo 4 - Birmingham 0 |
TOP OF THE 8TH |
Amarillo Archdukes batting - Pitching for Birmingham Barons : RHP Michel Dallaire
|
Batting: LHB John Frost
|
0-0: Foul Ball, location: 2F 0-1: Foul Ball, location: 2F 0-2: Ball 1-2: Ground out 6-3 (Groundball, 6)
|
Batting: LHB Edwin Ryan
|
0-0: Foul Ball, location: 2F 0-1: Ball 1-1: Swinging Strike 1-2: Foul Ball, location: 2F 1-2: Foul Ball, location: 2F 1-2: Strikes out swinging
|
Batting: RHB Norm Francis
|
0-0: DOUBLE (Line Drive, 7LD)
|
Batting: RHB Esteban Lara
|
0-0: Ball Norm Francis is caught stealing 3rd base
|
Top of the 8th over - 0 run(s), 1 hit(s), 0 error(s), 0 left on base; Amarillo 4 - Birmingham 0 |
BOTTOM OF THE 8TH |
Birmingham Barons batting - Pitching for Amarillo Archdukes : RHP Frederick Kern
|
Batting: SHB Orlando Aguilar
|
0-0: Called Strike 0-1: Foul Ball, location: 2F 0-2: Fly out, F8 (Flyball, 8RS)
|
Batting: RHB Bryant von Bohlen
|
0-0: Ball 1-0: Foul Ball, location: 2F 1-1: Ball 2-1: Swinging Strike 2-2: Fly out, F9 (Flyball, 9S)
|
Batting: RHB Yujiro Kurihara
|
0-0: Ball 1-0: Ball 2-0: Foul Ball, location: 2F 2-1: Foul Ball, location: 2F 2-2: Ball 3-2: Fly out, F3 (Popup, 3L)
|
Bottom of the 8th over - 0 run(s), 0 hit(s), 0 error(s), 0 left on base; Amarillo 4 - Birmingham 0 |
TOP OF THE 9TH |
Amarillo Archdukes batting - Pitching for Birmingham Barons : RHP Michel Dallaire
|
Batting: RHB Esteban Lara
|
0-0: Ball 1-0: Ball 2-0: Called Strike 2-1: Foul Ball, location: 2F 2-2: Ball 3-2: Foul Ball, location: 2F 3-2: Base on Balls
|
Batting: RHB Rich Henley
|
0-0: Ball 1-0: Sac Bunt - play at first, batter OUT! 5-4 Esteban Lara to second
|
Batting: SHB Álex Hernández
|
0-0: Intentional Walk
|
Batting: RHB Herb Bunch
|
0-0: Called Strike 0-1: Ball 1-1: Swinging Strike 1-2: Fly out, F9 (Flyball, 9LM)
|
Batting: LHB Michael Cook
|
0-0: Called Strike 0-1: Ball 1-1: Called Strike 1-2: Ball 2-2: Ball 3-2: Base on Balls Esteban Lara to third Álex Hernández to second
|
Batting: RHB Nobuharu Hoshino
|
0-0: Called Strike 0-1: Ball 1-1: Foul Ball, location: 2F 1-2: Ball 2-2: Fielders Choice at 2nd, 5-4 (Groundball, 56)
|
Top of the 9th over - 0 run(s), 0 hit(s), 0 error(s), 2 left on base; Amarillo 4 - Birmingham 0 |
BOTTOM OF THE 9TH |
Birmingham Barons batting - Pitching for Amarillo Archdukes : RHP Frederick Kern
|
Batting: LHB Bob Jones
|
0-0: Ball 1-0: Called Strike 1-1: Ball 2-1: SINGLE (Groundball, 4S) (infield hit)
|
Batting: RHB Carlos Vásquez
|
0-0: Ball Balk! Bob Jones to second 1-0: Called Strike 1-1: Ball 2-1: Foul Ball, location: 2F 2-2: DOUBLE (Line Drive, 9LM) Bob Jones scores
|
Pitching: RHP Brian Hull
|
|
Batting: RHB Warren Martin
|
0-0: Called Strike 0-1: Ball 1-1: Ball 2-1: Called Strike 2-2: Strikes out swinging
|
Batting: LHB John Haney
|
0-0: Called Strike 0-1: Foul Ball, location: 2F 0-2: Ball 1-2: Ball 2-2: Ground out 6-3 (Groundball, 56)
|
Batting: RHB Rusty Downy
|
0-0: Ball 1-0: Foul Ball, location: 2F 1-1: Swinging Strike 1-2: Strikes out swinging
|
Bottom of the 9th over - 1 run(s), 2 hit(s), 0 error(s), 1 left on base; Amarillo 4 - Birmingham 1 |
|